 Dungeon Crawl Stone Soup version 0.27-a0-1256-gced786f65e (webtiles) character file.

Game seed: 10202444167782030665

89 avis the Chopper (level 4, -2/41 HPs)
             Began as a Hill Orc Monk on June 11, 2021.
             Slain by a gnoll
             ... wielding a +0 flail
              (7 damage)
             ... on level 1 of the Dungeon.
             The game lasted 00:07:31 (2488 turns).

avis the Chopper (Hill Orc Monk)                    Turns: 2488, Time: 00:07:31

Health: -2/41      AC:  6    Str: 14    XL:     4   Next: 55%
Magic:  4/4        EV:  9    Int: 10    God:
Gold:   79         SH:  0    Dex: 13    Spells: 3/3 levels left

rFire    . . .     SeeInvis .   a - +0 hand axe
rCold    . . .     Faith    .   (no shield)
rNeg     . . .     Spirit   .   h - +0 scale mail
rPois    .         Reflect  .   (no helmet)
rElec    .         Harm     .   (no cloak)
rCorr    .         Rampage  .   (no gloves)
Will     .....                  (no boots)
Stlth    ..........             (no amulet)
HPRegen  0.13/turn              (no ring)
MPRegen  0.09/turn              (no ring)

@: very slow
A: no striking features
a: no special abilities


You were on level 1 of the Dungeon.
You visited 1 branch of the dungeon, and saw 3 of its levels.

You collected 79 gold pieces.

Inventory:

Hand Weapons
 a - a +0 hand axe (weapon)
 b - a +0 hunting sling
 w - a +0 rapier of speed
Missiles
 d - 51 bolts
 f - 12 poisoned darts (quivered)
 i - 31 stones
 j - 10 arrows
 l - 17 sling bullets
 p - 2 throwing nets
Armour
 h - a +0 scale mail (worn)
Scrolls
 g - a scroll of amnesia {unknown}
 n - 2 scrolls of identify {unknown}
 o - a scroll of blinking {unknown}
Potions
 c - a potion of heal wounds {unknown}
 e - a potion of lignification {unknown}
 k - a potion of magic {unknown}
 m - a potion of flight {unknown}


   Skills:
 + Level 4.4 Fighting
 * Level 5.6 Axes
 + Level 1.9 Armour
 - Level 2.4 Dodging
 - Level 1.5 Stealth


You had 3 spell levels left.
You didn't know any spells.
Your spell library contained the following spells:

 Spells                   Type           Power      Damage    Failure   Level
 Magic Dart               Conj           0%         1d3       85%         1
 Blink                    Tloc           N/A        N/A       94%         2
 Call Imp                 Summ           0%         N/A       94%         2
 Slow                     Hex            0%         N/A       94%         2
 Conjure Flame            Conj/Fire      0%         6-21      99%         3
 Mephitic Cloud           Conj/Pois/Air  0%         N/A       99%         3


Dungeon Overview and Level Annotations

Branches:
Dungeon (3/15)

Altars:


Message History

The gnoll hits you with a +0 flail.
You climb upwards.
There is a stone staircase leading down here.
a - a +0 hand axe (weapon)
The gnoll closely misses you.
You hit the gnoll.
The gnoll is moderately wounded.
The gnoll hits you with a +0 flail.
You hit the gnoll.
The gnoll is severely wounded.
The gnoll hits you with a +0 flail.
You hit the gnoll.
You kill the gnoll!
Things that are here:
a +0 flail; a gnoll corpse You start resting.
HP restored.
There is a stone staircase leading down, spattered with blood here.
You climb downwards.
The gnoll hits you with a +2 flail of protection.
The gnoll hits you from afar with a +0 halberd!
The gnoll hits you with a +0 flail.
The gnoll hits you with a +2 flail of protection!
* * * LOW HITPOINT WARNING * * *
There is a stone staircase leading up, spattered with blood here.
The gnoll barely misses you. The gnoll closely misses you.
The gnoll hits you with a +2 flail of protection!
* * * LOW HITPOINT WARNING * * *
You climb upwards.
There is a stone staircase leading down, spattered with blood here.
The gnoll barely misses you.
There is a stone staircase leading up here.
The gnoll hits you but does no damage.
You climb upwards.
There is a stone staircase leading down here.
The gnoll barely misses you.
You enter the shallow water.
Moving in this stuff is going to be slow.
The gnoll hits you with a +0 flail!
You die...

##### #≈≈≈##########
###≈≈≈≈g@....#
#.≈..≈≈≈≈..##
#.#.###≈≈≈..#
#.......≈...###########
#>.....................
#...........###########
#...........#
#.########.##
#.#........###


You could see a gnoll.

Vanquished Creatures
  A centaur skeleton (D:3)
  A gnoll (D:2)
  An adder (D:2)
  A dart slug (D:2)
  5 bats
  6 endoplasms
  A giant cockroach (D:2)
  5 goblins
  4 hobgoblins
  2 quokkas (D:1)
  3 ball pythons
  3 frilled lizards
  6 kobolds
  3 rats
42 creatures vanquished.

Notes
Turn   | Place    | Note
-------+----------+-------------------------------------------
     0 | D:1      | avis the Hill Orc Monk began the quest for the Orb.
     0 | D:1      | Reached XP level 1. HP: 19/19 MP: 1/1
    61 | D:1      | HP: 1/20 [frozen (4)]
   521 | D:1      | Reached XP level 2. HP: 26/27 MP: 2/2
  1070 | D:1      | Reached skill level 1 in Armour
  1661 | D:2      | Reached XP level 3. HP: 29/33 MP: 3/3
  1884 | D:2      | Reached skill level 5 in Axes
  2340 | D:3      | Reached XP level 4. HP: 40/41 MP: 4/4
  2470 | D:3      | HP: 2/41 [gnoll/+2 flail of protection (10)]
  2488 | D:1      | Slain by a gnoll

Illustrated notes

Levels and vault maps discovered:
D:1:      amcnicky_arrival_choice, layout_basic, serial_rivers,
          chequers_serial_rivers_micro_a, chequers_serial_rivers_large_b,
          chequers_serial_rivers_micro_d, chequers_serial_rivers_small_a,
          chequers_serial_rivers_room_b, chequers_serial_rivers_room_b,
          minmay_misc_feat_rows
D:2:      kennysheep_six_static_rooms, layout_rooms
D:3:      layout_loops_corners

Skill      XL: |  1  2  3 |
---------------+----------+-----
Armour         | 1 |  1.9
Fighting       | 4 |  4.4
Axes           | 5 |  5.6
Dodging        | |  2.4
Stealth        | |  1.5

Action                   |  1- 3 |  4- 6 || total
-------------------------+-------+-------++-------
Melee: Hand axe          |   119 |     3 ||   122
       Rapier            |     7 |     3 ||    10
 Fire: Hunting sling     |    11 |       ||    11
Armor: Robe              |     3 |       ||     3
       Scale mail        |    46 |     1 ||    47
Dodge: Dodged            |    56 |     7 ||    63

Table legend: (Time is in decaauts)
 A = Elapsed time spent in this place.
 B = Non-inter-level travel time spent in this place.
 C = Inter-level travel time spent in this place.
 D = Time resting spent in this place.
 E = Time spent auto-exploring this place.
 F = Levels seen in this place.
 G = Mean time per level.
                   A        B        C        D        E       F      G
               +--------+--------+--------+--------+--------+-----+--------+
         Total |   2534 |   2344 |    190 |    794 |    997 |   3 |  844.7 |
       Dungeon |   2534 |   2344 |    190 |    794 |    997 |   3 |  844.7 |
               +--------+--------+--------+--------+--------+-----+--------+

Top non-repeatable levels by time:
     D:1: 1673 daAuts
     D:2: 812 daAuts
     D:3: 48 daAuts
